 Dungeon Crawl Stone Soup version 0.29.1-12-g30fa7ad0bf (webtiles) character file.

Game seed: 3809456649482179568

52 MisterFreud the Changer (level 3, 0/28 HPs)
             Began as a Draconian Transmuter on Dec 27, 2022.
             Slain by a worm (2 damage)
             ... on level 2 of the Dungeon.
             The game lasted 00:01:28 (1493 turns).

MisterFreud the Changer (Draconian Transmuter)      Turns: 1493, Time: 00:01:28

Health: 0/28       AC:  5    Str: 12    XL:     3   Next: 60%
Magic:  6/6        EV: 12    Int: 15    God:
Gold:   49         SH:  0    Dex: 11    Spells: 5/6 levels left

rFire   . . .      SeeInvis .     - Unarmed
rCold   . . .      Faith    .   (no shield)
rNeg    . . .      Spirit   .   (body armour unavailable)
rPois   .          Reflect  .   (helmet restricted)
rElec   .          Harm     .   (no cloak)
rCorr   .          Rampage  .   (no gloves)
Will    .....                   (no boots)
Stlth   +.........              (no amulet)
HPRegen 0.09/turn               (no ring)
MPRegen 0.10/turn               (no ring)

@: no status effects
A: AC +5, unfitting armour, cold-blooded
a: no special abilities


You were on level 2 of the Dungeon.
You visited 1 branch of the dungeon, and saw 3 of its levels.

You collected 49 gold pieces.

Inventory:

Missiles
 j - 2 boomerangs
Jewellery
 d - a ring of fire
Wands
 m - a wand of roots (11)
Scrolls
 b - a scroll of identify
 e - a scroll of immolation {unknown}
 f - a scroll of teleportation
 g - a scroll of enchant weapon {unknown}
 h - a scroll of acquirement {unknown}
 i - a scroll of fear
 n - 3 scrolls of blinking {unknown}
Potions
 a - a potion of lignification
 c - a potion of mutation
 k - a potion of curing {unknown}
 l - 2 potions of resistance {unknown}


   Skills:
 - Level 1.1 Fighting
 - Level 1.7 Dodging
 - Level 3.0 Unarmed Combat
 - Level 2.0 Spellcasting
 + Level 4.0 Transmutations


You had 5 spell levels left.
You knew the following spells:

 Your Spells              Type           Power      Damage    Failure   Level
a - Beastly Appendage     Tmut           26%        N/A       4%          1

Your spell library contained the following spells:

 Spells                   Type           Power      Damage    Failure   Level
 Wereblood                Tmut           13%        N/A       6%          2
 Spider Form              Tmut/Pois      7%         N/A       28%         3
 Summon Guardian Golem    Hex/Summ       1%         N/A       54%         3
 Ice Form                 Ice/Tmut       7%         N/A       67%         4
 Orb of Destruction       Conj           0%         9d5       100%        7
 Spellforged Servitor     Conj/Summ      0%         N/A       100%        7


Dungeon Overview and Level Annotations

Branches:
Dungeon (3/15)

Altars:

Annotations:
D:3 Terence


Innate Abilities, Weirdness & Mutations

Your plain brown scales are hard. (AC +5)
You cannot fit into any form of body armour.
You are cold-blooded and may be slowed by cold attacks.


Message History

You kill the adder!
You feel sick.
Your Transmutations skill increases to level 4!
You feel sick. The worm barely misses you.
You see here an adder corpse.
You barely miss the worm.
Your tail-slap misses the worm.
You feel sick.
You barely miss the worm. You claw the worm. You headbutt the worm.
Your punch misses the worm.
The worm is heavily wounded.
You feel sick. The worm barely misses you.
You feel sick.
You feel sick.
Your transformation is almost over.
You feel sick.
You are no longer poisoned.
An endoplasm comes into view.
Your horns disappear.
Your talons disappear.
There is a stone staircase leading down here.
You climb downwards.
There is a stone staircase leading up here.
The endoplasm quivers.
You open the door.
Terence the Incautious comes into view.
He is wielding a +2 vorpal trident.
There is an open door here.
Found a glowing inky potion.
Terence shouts!
The endoplasm jiggles.
There is an open door here.
You barely miss the endoplasm. You tail-slap the endoplasm.
The endoplasm is severely wounded.
You hit the endoplasm.
You kill the endoplasm!
There is a stone staircase leading up here.
Terence barely misses you.
You climb upwards.
There is a stone staircase leading down here.
The worm bites you!
* * * LOW HITPOINT WARNING * * *
The worm bites you.
You die...

#########+# ########
#>...@....#####.......
####w.(...............
#....†##...####.......
##.##.####..# #.......
# #.##.# ##.###.......
#.##.##.# #...#.......
.##....##.#
###.#.......
...........#
#..##.....
.........###
##.##.....


You could see a worm.

Vanquished Creatures
  An adder (D:2)
  2 dart slugs (D:1)
  3 ball pythons
  2 endoplasms
  4 giant cockroaches
  5 goblins (D:1)
  A hobgoblin (D:1)
  6 jackals (D:1)
  4 kobolds
  4 bats
  A frilled lizard (D:1)
  3 rats
36 creatures vanquished.

Notes
Turn   | Place    | Note
-------+----------+-------------------------------------------
     0 | D:1      | MisterFreud the Draconian Transmuter began the quest for
                  | the Orb.
     0 | D:1      | Reached XP level 1. HP: 16/16 MP: 3/3
   157 | D:1      | Reached XP level 2. HP: 23/23 MP: 3/5
   486 | D:1      | Reached skill level 3 in Transmutations
   618 | D:1      | Found a faded altar of an unknown god.
   962 | D:1      | Reached XP level 3. HP: 28/28 MP: 6/6
  1459 | D:2      | Reached skill level 4 in Transmutations
  1480 | D:3      | Noticed Terence
  1493 | D:2      | Slain by a worm

Illustrated notes

Levels and vault maps discovered:
D:1:      dpeg_arrival_simpleton_c, layout_basic,
          shapermc_ecumenical_altar_notcrosses
D:2:      layout_basic, uniq_crazy_yiuf_cottage
D:3:      layout_loops_corners, amethyst_killhole, guppyfry_early_lair_pool,
          uniq_terence

Skill      XL: |  1  2  3 |
---------------+----------+-----
Transmutations | 3 4 |  4.0
Fighting       | |  1.1
Dodging        | |  1.7
Unarmed Combat | |  3.0
Spellcasting   | |  2.0

Action                   || total
-------------------------++-------
Melee: Unarmed           ||   111
       Kick              ||    15
       Headbutt          ||     9
       Tailslap          ||    12
 Cast: Beastly Appendage ||    27
  Use: Scroll            ||     3
Armor: Skin              ||    41
Dodge: Dodged            ||    79
